 Dungeon Crawl Stone Soup version 0.17-a0-2098-gf59d6bc (webtiles) character file.

24032 4thArraOfDagon the Arsonist (level 12, -2/59 HPs)
             Began as a Deep Elf Fire Elementalist on Oct 17, 2015.
             Was a High Priest of Vehumet.
             Slain by derrpe's ghost (11 damage)
             ... on level 4 of the Orcish Mines.
             The game lasted 00:45:52 (6736 turns).

4thArraOfDagon the Arsonist (DEFE)                  Turns: 6736, Time: 00:45:53

Health: -2/59      AC: 10    Str:  5    XL:     12   Next: 77%
Magic:  11/30      EV: 11    Int: 31    God:    Vehumet [*****.]
Gold:   1132       SH:  0    Dex: 15    Spells: 8 memorised, 11 levels left

rFire  + . .     SeeInvis .     F - +2 flail (protect)
rCold  x . .     Clarity  .     y - troll hide
rNeg   . . .     SustAt   .     (no shield)
rPois  .         Gourm    .     h - +0 helmet
rElec  +         Spirit   .     (no cloak)
rCorr  .         Warding  .     j - +0 pair of gloves
rMut   .         Stasis   .     z - +0 pair of boots of Liberty {rElec Stlth+}
MR     +....                    (no amulet)
Stlth  +++.......               s - +5 ring of intelligence
                                d - ring of fire

@: about to teleport, repel missiles, drained, somewhat resistant to hostile
enchantments, fairly stealthy
A: no striking features
a: Renounce Religion


You were on level 4 of the Orcish Mines.
You worshipped Vehumet.
Vehumet was extremely pleased with you.
You were not hungry.

You visited 2 branches of the dungeon, and saw 15 of its levels.

You collected 1451 gold pieces.
You spent 319 gold pieces at shops.

Inventory:

Hand Weapons
 F - a +2 flail of protection (weapon)
Armour
 h - a +0 helmet (worn)
 j - a +0 pair of gloves (worn)
 y - a troll hide (worn)
 z - the +0 pair of boots of Liberty (worn) {rElec Stlth+}
   (You bought it in a shop on level 3 of the Orcish Mines)

   It insulates you from electricity.
   It makes you more stealthy.
 B - a +1 robe of resistance
Magical Staves
 v - an uncursed staff of cold
Jewellery
 d - a ring of fire (left hand)
 s - a +5 ring of intelligence (right hand)
 C - an uncursed ring of sustain attributes {unknown}
Wands
 g - a wand of heal wounds (5)
 l - a wand of slowing (16)
 x - a wand of cold (2)
 D - a wand of teleportation (3)
 E - a wand of fireball (4)
 K - a wand of paralysis (4)
Scrolls
 k - a scroll of remove curse
 q - a scroll of recharging
 A - a scroll of fog
Potions
 e - 6 potions of curing {unknown}
 f - 2 potions of resistance
 i - a potion of flight
 n - a potion of brilliance
 p - 2 potions of cure mutation
 H - a potion of berserk rage {unknown}
 I - a potion of degeneration {unknown}
Books
 b - a book of Flames

   Spells                             Type                      Level
   a - Flame Tongue                   Conjuration/Fire             1
   b - Throw Flame                    Conjuration/Fire             2
   c - Conjure Flame                  Conjuration/Fire             3
   d - Inner Flame                    Hexes/Fire                   3
   e - Sticky Flame                   Conjuration/Fire             4
   f - Fireball                       Conjuration/Fire             5
 t - a book of Minor Magic

   Spells                             Type                      Level
   a - Magic Dart                     Conjuration                  1
   b - Blink                          Translocation                2
   c - Call Imp                       Summoning                    2
   d - Repel Missiles                 Charms/Air                   2
   e - Slow                           Hexes                        2
   f - Conjure Flame                  Conjuration/Fire             3
   g - Mephitic Cloud                 Conjuration/Poison/Air       3
Comestibles
 c - 4 bread rations
 m - 5 meat rations
 o - 11 chunks of flesh
 r - 2 slices of pizza
 u - a fruit


   Skills:
 - Level 2.4(1.8) Dodging
 - Level 2.4(1.8) Stealth
 + Level 12.3(11.6) Spellcasting
 * Level 14.5(13.7) Conjurations
 * Level 14.9(14.2) Fire Magic


You had 11 spell levels left.
You knew the following spells:

 Your Spells              Type           Power        Failure   Level  Hunger
a - Flame Tongue          Conj/Fire      #####        0%          1    None
b - Conjure Flame         Conj/Fire      ########     1%          3    None
c - Sticky Flame          Conj/Fire      ########     1%          4    None
d - Fireball              Conj/Fire      ########..   1%          5    ##.....
e - Apportation           Tloc           ###.......   6%          1    None
f - Repel Missiles        Chrm/Air       ###...       10%         2    None
g - Blink                 Tloc           N/A          10%         2    None
h - Bolt of Fire          Conj/Fire      ########..   1%          6    ####...


Dungeon Overview and Level Annotations

Branches:
Dungeon (11/15)              Lair (0/8) D:8             Orc (4/4) D:10
    Elf (0/3) Orc:3
 Temple: D:4-7

Altars:
Cheibriados
Kikubaaqudgha
Makhleb
Nemelex Xobeh
Okawaru
Vehumet
Beogh

Shops:
D:6 =   Orc:3 }[   Orc:4 %

Annotations:
D:4 kguciosek's ghost, weakling MiGl
D:6 exclusion: statue
Orc:4 derrpe's ghost, journeyman DrSk


Message History

a flail; a glowing ring mail
Items here: $ ))) [ † You see here a silver tomahawk.
Derrpe's ghost casts a spell.
Derrpe's ghost seems to speed up.
Derrpe's ghost gestures wildly while chanting.
Derrpe's ghost begins repelling missiles!
Things that are here:
a dire flail x2
Derrpe's ghost breathes negative energy at you.
The bolt of negative energy hits you!
You feel drained.
You see here a giant club.
Unknown command.
Read which item? (? for menu, Esc to quit)
As you read the scroll of teleportation, it crumbles to dust.
You feel strangely unstable.
The two-headed ogre hits you with a giant spiked club! x2
* * * LOW HITPOINT WARNING * * *
Derrpe's ghost hits you!
You die...

.........# ... #####.#.#.).
.[.#.##.####.## ##.# ######..
...### ##.....# #..####.##).)
.### ##.....## #...#...#O)# ..#
#.....#.## ####....).))..# ..##
#........####......)).)..##
...#####........##...).)..##...#
..##......).....##...OO....(#.##
........<#.#....@O).O##......##
........##.#.....W...###....(###
#..........[##.......# #.......#
#).......#..#........# #.......#
))..#................###......##
...##.#.......##....).))....###
...##.#..................####
...#..........##.#.......#
..###.##.....######.....##


You could see 2 two-headed ogres, 2 ogres and derrpe's ghost.

Vanquished Creatures
  Nessos (Orc:4)
  Erica (Orc:1)
  2 orc high priests
  6 ogre magi
  A deep troll (Orc:4)
  A hill giant (D:10)
  8 orc knights (Orc:4)
  2 orc sorcerers
  Maurice (Orc:4)
  A kobold demonologist (D:9)
  9 two-headed ogres (Orc:4)
  2 trolls (Orc:2)
  A wraith (D:9)
  A hungry ghost (D:7)
  Grum (D:9)
  A wyvern (D:11)
  4 wargs
  4 hippogriffs
  2 wolves (D:9)
  A water moccasin (D:7)
  12 orc warriors
  A black bear (D:9)
  An eye of draining (D:10)
  2 phantoms
  A sky beast (D:10)
  2 ice beasts (D:7)
  28 ogres
  A big kobold (D:9)
  5 centaurs
  2 giant frogs
  A wyvern skeleton (D:10)
  4 scorpions
  2 centaur zombies
  A gnoll shaman (D:9)
  4 hounds
  A giant frog skeleton (D:7)
  22 orc priests
  A jelly (D:9)
  2 centaur skeletons
  2 iguanas
  Jessica (D:3)
  17 orc wizards
  A quasit (D:7)
  3 worker ants
  A hound skeleton (D:9)
  A worker ant zombie (D:9)
  Robin (D:3)
  A gnoll (D:8)
  6 adders
  2 shadow imps
  An adder zombie (D:8)
  2 worms (D:2)
  A giant gecko (D:9)
  164 orcs
  3 bats
  A giant cockroach (D:2)
  10 goblins
  3 hobgoblins
  2 quokkas
  A ball python (D:6)
  A giant gecko zombie (D:5)
  4 giant newts
  5 kobolds
  4 rats
381 creatures vanquished.

Notes
Turn   | Place    | Note
--------------------------------------------------------------
     0 | D:1      | 4thArraOfDagon the Deep Elf Fire Elementalist began the quest for the Orb.
     0 | D:1      | Reached XP level 1. HP: 10/10 MP: 6/6
   170 | D:2      | Reached XP level 2. HP: 15/15 MP: 6/8
   177 | D:2      | Found an iron altar of Okawaru.
   310 | D:2      | Reached XP level 3. HP: 12/19 MP: 5/9
   313 | D:2      | Reached skill level 4 in Fire Magic
   341 | D:2      | Learned a level 3 spell: Conjure Flame
   461 | D:2      | Found a snail-covered altar of Cheibriados.
   624 | D:3      | Found a burning altar of Makhleb.
   696 | D:4      | Reached XP level 4. HP: 24/24 MP: 0/11
   760 | D:3      | Learned a level 4 spell: Sticky Flame
   760 | D:3      | Noticed Jessica
   769 | D:3      | Killed Jessica
   849 | D:4      | Noticed kguciosek's ghost (weakling MiGl)
   932 | D:3      | Noticed Robin
   952 | D:3      | Killed Robin
   952 | D:3      | Reached XP level 5. HP: 28/28 MP: 7/12
  1047 | D:4      | Reached skill level 5 in Fire Magic
  1069 | D:5      | Entered Level 5 of the Dungeon
  1116 | D:5      | Noticed a centaur
  1120 | D:5      | Killed a centaur
  1135 | D:4      | Reached XP level 6. HP: 24/32 MP: 6/14
  1208 | D:6      | Learned a level 5 spell: Fireball
  1228 | D:6      | Learned a level 1 spell: Apportation
  1307 | D:6      | Reached skill level 6 in Fire Magic
  1426 | D:6      | Reached skill level 5 in Conjurations
  1497 | D:6      | Found a radiant altar of Vehumet.
  1651 | D:6      | Became a worshipper of Vehumet
  1761 | D:6      | Reached XP level 7. HP: 25/36 MP: 10/16
  1769 | D:6      | Found Eholisch's Jewellery Shoppe.
  1831 | D:7      | Reached skill level 5 in Spellcasting
  2031 | D:7      | Found an ancient bone altar of Kikubaaqudgha.
  2086 | D:7      | Reached skill level 7 in Fire Magic
  2152 | D:8      | Found a staircase to the Lair.
  2154 | D:8      | Reached XP level 8. HP: 41/41 MP: 7/19
  2228 | D:7      | Reached skill level 8 in Fire Magic
  2672 | D:8      | Learned a level 2 spell: Repel Missiles
  2694 | D:8      | Reached * piety under Vehumet
  2694 | D:8      | Offered knowledge of Shock by Vehumet.
  2711 | D:8      | Reached skill level 9 in Fire Magic
  2711 | D:8      | Reached XP level 9. HP: 29/45 MP: 8/22
  2929 | D:9      | Noticed a centaur warrior
  3125 | D:9      | Noticed Grum
  3127 | D:9      | Killed Grum
  3147 | D:9      | Reached skill level 10 in Fire Magic
  3147 | D:9      | Reached ** piety under Vehumet
  3147 | D:9      | Offered knowledge of Sting by Vehumet.
  3193 | D:9      | Found a roughly hewn altar of Beogh.
  3370 | D:9      | Noticed a kobold demonologist
  3377 | D:9      | Noticed a smoke demon
  3377 | D:9      | Killed a kobold demonologist
  3404 | D:9      | Reached XP level 10. HP: 27/50 MP: 10/24
  3431 | D:9      | Reached skill level 10 in Conjurations
  3445 | D:9      | Offered knowledge of Throw Frost by Vehumet.
  3520 | D:10     | Entered Level 10 of the Dungeon
  3520 | D:10     | Noticed a hill giant
  3523 | D:10     | Killed a hill giant
  3523 | D:10     | Reached skill level 11 in Fire Magic
  3708 | D:9      | Learned a level 2 spell: Blink
  3749 | D:10     | Found a staircase to the Orcish Mines.
  3870 | D:11     | Noticed a hill giant
  3918 | D:10     | Found a sparkling altar of Nemelex Xobeh.
  4004 | D:10     | Reached *** piety under Vehumet
  4141 | Orc:1    | Entered Level 1 of the Orcish Mines
  4162 | Orc:1    | Noticed Erica
  4329 | Orc:1    | Killed Erica
  4376 | Orc:1    | Reached skill level 12 in Fire Magic
  4412 | Orc:1    | Noticed an orc knight
  4449 | Orc:1    | Offered knowledge of Iskenderun's Mystic Blast by Vehumet.
  4463 | Orc:2    | Reached skill level 10 in Spellcasting
  4665 | Orc:2    | Reached **** piety under Vehumet
  4690 | Orc:2    | Offered knowledge of Ignite Poison by Vehumet.
  4768 | Orc:2    | Reached XP level 11. HP: 48/54 MP: 15/27
  5001 | Orc:3    | Found a staircase to the Elven Halls.
  5014 | Orc:4    | Entered Level 4 of the Orcish Mines
  5023 | Orc:4    | Found Peocu's Food Boutique.
  5024 | Orc:4    | Noticed an ogre mage
  5026 | Orc:4    | Noticed an orc high priest
  5030 | Orc:4    | Killed an ogre mage
  5033 | Orc:4    | Noticed an ogre mage
  5033 | Orc:4    | Killed an orc high priest
  5045 | Orc:3    | Killed an ogre mage
  5139 | Orc:3    | Noticed an orc high priest
  5145 | Orc:3    | Killed an orc high priest
  5145 | Orc:3    | Reached skill level 13 in Fire Magic
  5209 | Orc:3    | Found Catwan's Quality Used Wands.
  5251 | Orc:3    | Reached ***** piety under Vehumet
  5325 | Orc:3    | Offered knowledge of Fulminant Prism by Vehumet.
  5755 | Orc:4    | Noticed a deep troll
  5758 | Orc:4    | Killed a deep troll
  5814 | Orc:4    | Reached XP level 12. HP: 59/59 MP: 3/29
  5949 | Orc:3    | Found Extoudom's Armour Shoppe.
  5968 | Orc:3    | Bought the +0 pair of boots of Liberty {rElec Stlth+} for 319 gold pieces
  6244 | Orc:4    | Offered knowledge of Bolt of Fire by Vehumet.
  6251 | Orc:4    | Noticed Maurice
  6253 | Orc:4    | Killed Maurice
  6253 | Orc:4    | Reached skill level 14 in Fire Magic
  6260 | Orc:4    | Noticed Nessos
  6358 | Orc:4    | Noticed an ogre mage
  6426 | Orc:4    | Killed an ogre mage
  6524 | Orc:4    | Learned a level 6 spell: Bolt of Fire
  6594 | Orc:4    | Noticed an ogre mage
  6603 | Orc:4    | Killed an ogre mage
  6607 | Orc:4    | Noticed an ogre mage
  6609 | Orc:4    | Killed an ogre mage
  6641 | Orc:4    | Noticed an ogre mage
  6646 | Orc:4    | Killed an ogre mage
  6701 | Orc:4    | Killed Nessos
  6708 | Orc:4    | Noticed derrpe's ghost (journeyman DrSk)
  6736 | Orc:4    | Slain by derrpe's ghost

Vault maps used:
D:1:      scummos_arrival_gate
D:2:      cheibriados_altar_wand_db, okawaru_trees_2
D:3:      overflow_temple_1_default, uniq_jessica, uniq_sigmund, uniq_grinder,
          uniq_robin
D:4:      minmay_temple_entry_overgrown, serial_park_tiny_pond, feat_on_display
D:5:      led_xom_imps, first_bread, glass_columns_a
D:6:      vehumet_statue, serial_shops, shop, hangedman_abyss_or_decor_stabs
D:7:      nicolae_overflow_crystal_walls, ashenzari_altar_1,
          serial_bayou_crossing
D:8:      lemuel_round_altar, erik_lair_orcish_takeover, blue_anna_alchemist,
          kennysheep_cross_room, st_stairs_7
D:9:      nrook_mini_backslash, minmay_pinched_square, uniq_grum
D:10:     orc_0_dummy, st_stairs_11, minmay_holes,
          nemelex_xobeh_ov_fountains_minmay
D:11:     portal_ice_cave_entry_pillars_02, uniq_harold
Orc:1:    nicolae_orc_crystal_geode, uniq_gastronok, uniq_erica
Orc:2:    nicolae_orc_accident_3
Orc:3:    serial_shops, nicolae_shop_stone, nicolae_orc_pool_cavern,
          nicolae_for_you_no_charge
Orc:4:    st_orc_ogre_mass, guppyfry_orc_lava_fort, uniq_saint_roka,
          uniq_maurice, uniq_nessos

Action                   |  1- 3 |  4- 6 |  7- 9 | 10-12 || total
-------------------------+-------+-------+-------+-------++-------
Melee: Unarmed           |     1 |       |       |       ||     1
       Dagger            |     3 |       |       |       ||     3
       Club              |       |    17 |    57 |    23 ||    97
       Quarterstaff      |       |       |       |    20 ||    20
       Flail             |       |       |       |   123 ||   123
Throw: Javelin           |       |     1 |       |     4 ||     5
       Tomahawk          |       |       |       |     4 ||     4
 Cast: Flame Tongue      |    61 |    42 |    62 |    97 ||   262
       Sticky Flame      |       |     5 |     8 |    42 ||    55
       Conjure Flame     |       |     2 |    11 |     9 ||    22
       Fireball          |       |     3 |    20 |    99 ||   122
       Apportation       |       |       |     4 |       ||     4
       Repel Missiles    |       |       |     1 |     1 ||     2
       Bolt of Fire      |       |       |       |     3 ||     3
Evoke: Wand              |       |     1 |     2 |     1 ||     4
  Use: Scroll            |       |     8 |     2 |     4 ||    14
       Potion            |       |     2 |       |       ||     2
 Stab: Sleeping          |       |       |       |     1 ||     1
  Eat: Chunk             |       |     4 |     7 |    20 ||    31
       Bread ration      |       |     1 |       |       ||     1
       Royal jelly       |       |       |       |     1 ||     1
